 Dungeon Crawl Stone Soup version 0.24.0-29-g8ce449bc06 (webtiles) character file.

Game seed: 12680960119355304919, levelgen mode: deterministic

309 Flugslaktarn the Chopper (level 6, -4/57 HPs)
             Began as a Deep Dwarf Fighter on Nov 15, 2019.
             Slain by an ogre
             ... wielding a +0 giant club
              (22 damage)
             ... on level 4 of the Dungeon.
             The game lasted 00:01:08 (1150 turns).

Flugslaktarn the Chopper (Deep Dwarf Fighter)       Turns: 1150, Time: 00:01:08

Health: -4/57      AC:  8    Str: 22    XL:     6   Next: 17%
Magic:  5/5        EV:  7    Int:  8    God:
Gold:   72         SH: 10    Dex: 12    Spells: 5/5 levels left

rFire    . . .     SeeInvis .   a - +0 war axe
rCold    + . .     Gourm    .   s - +0 shield
rNeg     . . .     Faith    .   b - +0 scale mail
rPois    .         Spirit   .   u - +0 helmet
rElec    .         Reflect  .   (no cloak)
rCorr    .         Harm     +   (no gloves)
MR       .....                  (no boots)
Stlth    ..........             w - amulet of harm
HPRegen  0.00/turn              p - ring of attention (curse)
MPRegen  0.09/turn              c - ring of protection from cold

@: non-regenerating
A: damage resistance, heal wounds, sense surroundings 1, no regeneration
a: Heal Wounds


You were on level 4 of the Dungeon.
You were not hungry.

You visited 1 branch of the dungeon, and saw 4 of its levels.

You collected 72 gold pieces.

Inventory:

Hand Weapons
 a - a +0 war axe (weapon)
Armour
 b - a +0 scale mail (worn)
 s - a +0 shield (worn)
 u - a +0 helmet (worn)
   (You took it off Robin on level 3 of the Dungeon)
Jewellery
 c - a ring of protection from cold (right hand)
   (You found it on level 2 of the Dungeon)
 l - an uncursed ring of flight
   (You found it on level 1 of the Dungeon)
 p - a cursed ring of attention (left hand)
   (You found it on level 4 of the Dungeon)
 w - an amulet of harm (around neck)
   (You found it on level 4 of the Dungeon)
Scrolls
 h - a scroll of blinking {unknown}
 k - 4 scrolls of identify {unknown}
 m - a scroll of enchant weapon {unknown}
 n - 2 scrolls of remove curse {unknown}
 q - 3 scrolls of magic mapping {unknown}
 r - a scroll of fear {unknown}
 x - a scroll of enchant armour {unknown}
 y - a scroll of fog {unknown}
Potions
 d - a potion of might
 f - a potion of heal wounds {unknown}
 i - a potion of curing {unknown}
 j - 2 potions of brilliance {unknown}
 o - a potion of haste {unknown}
 t - a potion of flight {unknown}
 v - a potion of invisibility {unknown}
Comestibles
 e - 3 rations
 g - 10 chunks of flesh


   Skills:
 + Level 3.7 Fighting
 * Level 4.9 Axes
 + Level 4.4 Armour
 + Level 4.4 Shields


You had 5 spell levels left.
You didn't know any spells.
Your spell library was empty.

Dungeon Overview and Level Annotations

Branches:
Dungeon (4/15)
 Temple: D:4-7

Altars:


Innate Abilities, Weirdness & Mutations

You are resistant to damage.
You can heal yourself by infusing magical energy.
You passively map a small area around you.
You do not regenerate.


Message History

You are too injured to fight recklessly!
You are too injured to fight recklessly!
You are too injured to fight recklessly!
You are too injured to fight recklessly!
You are too injured to fight recklessly!
You are too injured to fight recklessly!
You are too injured to fight recklessly!
You are too injured to fight recklessly!
You are too injured to fight recklessly!
You are too injured to fight recklessly!
You are too injured to fight recklessly!
You are too injured to fight recklessly!
You are too injured to fight recklessly!
You fail to use your ability.
You are too injured to fight recklessly!
You are too injured to fight recklessly!
You are too injured to fight recklessly!
The ogre hits you with a +0 giant club.
The ogre hits you with a +0 giant club!!
You die...

.....#..#.#* ...... * ,
###....##.##........# * *
####...#..##......... ,
.##...[........#.... , ,
* ....##)........ **.##,
.....#......##.###..#,,
..#........##......# ,, ,
####......##.##.#..# * ,
* #.#.#...........@..# *
.................O#### .
..###..##............#...
* .##
#..##................ .#
##.)#...........#.##..
.###.รท)..##........### ,
.##...#.............#
.##..####............#*,,
, ..##.##.#.............#
,,


You could see an ogre.

Vanquished Creatures
  An orc priest (D:4)
  An orc wizard (D:4)
  Terence (D:3)
  Natasha (thrice) (D:4)
  3 worker ants (D:4)
  Robin (D:3)
  An adder (D:4)
  A dart slug (D:4)
  2 leopard geckos
  10 orcs
  5 bats
  2 giant cockroaches
  4 hobgoblins
  2 quokkas
  A frilled lizard (D:3)
  13 goblins
  2 kobolds (D:2)
  A rat (D:2)
54 creatures vanquished.

Notes
Turn   | Place    | Note
-------+----------+-------------------------------------------
     0 | D:1      | Flugslaktarn the Deep Dwarf Fighter began the quest for the
                  | Orb.
     0 | D:1      | Reached XP level 1. HP: 20/20 MP: 1/1
   355 | D:2      | Reached XP level 2. HP: 27/27 MP: 2/2
   528 | D:3      | Noticed Terence
   559 | D:3      | Killed Terence
   559 | D:3      | Reached XP level 3. HP: 27/34 MP: 3/3
   582 | D:3      | Noticed Robin
   592 | D:3      | Killed Robin
   593 | D:3      | Reached XP level 4. HP: 30/42 MP: 4/4
   883 | D:4      | Noticed Natasha
   896 | D:4      | Killed Natasha
   902 | D:4      | Noticed Natasha
   913 | D:4      | Killed Natasha
   913 | D:4      | Reached XP level 5. HP: 23/49 MP: 5/5
   994 | D:4      | Noticed Natasha
  1000 | D:4      | Killed Natasha
  1066 | D:4      | Reached XP level 6. HP: 44/57 MP: 5/5
  1150 | D:4      | Slain by an ogre

Levels and vault maps discovered:
D:1:      dpeg_arrival_leaves_temple_mockup, layout_loops_ring
D:2:      layout_basic, grunt_decor_arrowhead
D:3:      layout_loops_corners, uniq_ijyb, uniq_robin, uniq_terence,
          uniq_crazy_yiuf_cottage
D:4:      layout_cave_pools, lemuel_round_altar, lemuel_temple_firewalk_a,
          first_ration, uniq_natasha

Skill      XL: |  1  2  3  4 |
---------------+-------------+-----
Fighting       | 3 |  3.7
Axes           | 3 4 |  4.9
Armour         | 4 |  4.4
Shields        | 4 |  4.4

Action                   |  1- 3 |  4- 6 || total
-------------------------+-------+-------++-------
Melee: War axe           |    77 |    89 ||   166
 Abil: Heal Wounds       |       |     4 ||     4
  Eat: Chunk             |       |     1 ||     1
Armor: Scale mail        |    41 |    46 ||    87
Dodge: Dodged            |    28 |    25 ||    53
Block: Shield            |    36 |    56 ||    92
